Map: Dusty Gorge

Players

Leon - Winner!

  • Race: Terran Terran
  • League: Diamond
  • Spawn Location: 11:00

Emery - Winner!

  • Race: Terran Terran
  • Spawn Location: 9:00

esReveR

  • Race: Zerg Zerg
  • League: Diamond
  • Spawn Location: 5:00

Tesla

  • Race: Zerg Zerg
  • Spawn Location: 3:00

VOD

Have the link to the VOD?

Description

Time

  • Played on: July 16, 2018, 5:03 a.m.
  • Length: 14:20
Show
View Real Time Build Order
Export as new Build Order

Leon Terran - Winner!

Build Orders: 1/1/1, Hellion Banshee 

Get SALT Encoding   

  12  0:01  SCV  
  13  0:13  SCV  
  14  0:18  Supply Depot  
  14  0:28  SCV  
  15  0:30  Refinery  
  15  0:43  Barracks  
  15  0:46  SCV  
  16  0:58  SCV  
  17  1:05  Refinery  
  17  1:10  SCV  
  18  1:22  SCV  
  19  1:32  Factory  
  19  1:40  Orbital Command  
  19  1:50  Barracks Reactor  
  19  1:55  Supply Depot  
  19  2:05  SCV  
  20  2:21  Starport  
  20  2:31  SCV  
  20  2:34  Supply Depot  
  20  2:36  Barracks Tech Lab  
  21  2:41  Hellion  
  21  2:43  SCV  
  26  2:51  Hellion  
  26  2:55  SCV  
  27  3:05  Hellion  
  29  3:08  Banshee  
  32  3:13  Cloaking Field  
  32  3:22  Hellion  
  34  3:27  Hellion  
  36  3:36  Supply Depot  
  36  3:44  Hellion  
  38  3:49  SCV  
  39  3:57  Banshee  
  32  4:40  Banshee  
  33  4:49  SCV  
  33  4:51  Hellion x2  
  38  4:56  Command Center  
  38  5:01  SCV  
  39  5:13  SCV  
  40  5:37  Banshee  
  40  5:38  Hellion x2  
  44  5:52  Armory  
  44  5:53  Armory  
  44  5:54  Engineering Bay  
  44  5:59  Supply Depot, Hellion  
  44  6:03  Supply Depot, SCV  
  47  6:08  Hellion  
  49  6:46  Banshee  
  49  7:05  Hellion x2  
  41  7:27  Hellion x2  
  41  7:29  Banshee  
  48  7:30  Terran Vehicle And Ship Armor Level 1, Terran Vehicle Weapons Level 1  
  48  7:31  Orbital Command  
  48  7:33  SCV  
  49  7:45  SCV  
  50  7:57  SCV  
  51  8:05  Hellion x2  
  55  8:09  SCV  
  55  8:12  Banshee  
  56  8:21  SCV  
  56  8:27  Hellion x2  
  58  8:48  Hellion x2  
  62  8:54  Banshee  
  58  9:05  Refinery  
  58  9:06  Refinery, Missile Turret  
  58  9:09  Missile Turret, Hellion x2  
  58  9:12  SCV x2  
  61  9:24  SCV x2  
  61  9:31  Terran Vehicle Weapons Level 2, Hellion x2  
  66  9:32  Terran Ship Weapons Level 1  
  66  9:33  Command Center  
  66  9:36  SCV x2  
  66  9:37  Banshee  
  71  9:39  Fusion Core  
  71  9:48  SCV x2  
  71  9:52  Cyclone  
  76  10:03  Supply Depot  
  76  10:04  Supply Depot x2  
  76  10:11  Cyclone  
  76  10:12  SCV  
  76  10:13  SCV  
  81  10:20  Banshee  
  84  10:24  Cyclone  
  84  10:25  SCV x2  
  84  10:27  Starport  
  89  10:31  Starport  
  89  10:37  SCV  
  90  10:43  Cyclone  
  93  11:01  SCV x2  
  93  11:03  Battlecruiser  
  93  11:04  Planetary Fortress  
  101  11:07  Refinery, Missile Turret  
  101  11:10  Refinery  
  101  11:13  SCV x2  
  101  11:15  Barracks Tech Lab  
  103  11:19  Starport Tech Lab x2  
  103  11:25  SCV x2  
  105  11:26  Supply Depot  
  89  11:37  SCV  
  90  11:41  Battlecruiser  
  90  11:45  Battlecruiser  
  102  11:48  Supply Depot  
  102  11:51  Cyclone  
  102  11:53  Cyclone  
  77  12:19  Battlecruiser  
  83  12:24  Hellion  
  83  12:26  Hellion  
  87  12:30  SCV x3  
  90  12:42  SCV x3  
  93  12:54  SCV  
  91  13:01  Hellion  
  91  13:02  Hellion  
  91  13:04  Battlecruiser x2  
  104  13:23  Hellion x2  
  114  13:44  Hellion x2  
Show
View Real Time Build Order
Export as new Build Order

Emery Terran - Winner!

Build Orders: MMM Bio 

Get SALT Encoding   

  12  0:02  SCV  
  13  0:14  SCV  
  14  0:19  Supply Depot  
  14  0:26  SCV  
  15  0:32  Refinery  
  16  0:46  Barracks  
  16  0:48  SCV  
  16  1:00  Barracks  
  16  1:05  SCV  
  17  1:17  SCV  
  18  1:26  Barracks  
  18  1:34  Reaper  
  19  1:42  Orbital Command  
  19  1:47  Reaper  
  20  1:56  Supply Depot  
  20  2:07  Reaper  
  21  2:14  Refinery  
  21  2:15  Reaper  
  22  2:20  SCV  
  23  2:32  SCV  
  24  2:56  Reaper  
  24  2:57  Reaper x2  
  27  3:30  Barracks Tech Lab, Marine  
  27  3:31  Marine  
  29  3:36  Factory  
  29  3:37  Command Center  
  29  3:48  Marine  
  29  3:49  Stimpack  
  28  4:29  Factory Tech Lab  
  28  4:30  Starport, Marine x3  
  30  4:47  Marine  
  30  4:48  Marine x2  
  33  5:05  Marine  
  33  5:06  Marine x2  
  36  5:07  Medivac  
  36  5:10  Siege Tank  
  41  5:16  SCV  
  42  5:23  Marine  
  42  5:24  Marine x2  
  45  5:38  Orbital Command  
  45  5:41  Marine  
  46  5:47  Supply Depot  
  46  5:58  SCV  
  46  5:59  Marine x3  
  46  6:09  Medivac  
  48  6:16  Marine  
  48  6:17  Marine x2  
  51  6:28  SCV, Command Center  
  51  6:31  SCV  
  53  6:34  Marine  
  54  6:58  Marine  
  54  7:00  SCV, Marine x2  
  48  7:12  SCV  
  48  7:15  Combat Shield  
  49  7:17  Marine x2  
  49  7:20  Marine, Command Center  
  49  7:21  Engineering Bay  
  52  7:24  SCV  
  53  7:35  Marine  
  53  7:36  Marine  
  54  7:40  SCV  
  54  7:47  Engineering Bay  
  53  7:55  Marine  
  51  8:05  Marine  
  51  8:07  Medivac  
  51  8:09  Starport, SCV  
  51  8:11  Refinery  
  48  8:13  Refinery  
  48  8:21  SCV  
  49  8:33  SCV, Marine  
  49  8:34  Marine x2  
  52  8:37  Medivac  
  52  8:39  Orbital Command  
  55  8:43  Terran Infantry Weapons Level 1, Terran Infantry Armor Level 1  
  52  9:03  Barracks Reactor  
  52  9:04  Barracks Reactor, Medivac  
  52  9:07  Siege Tank, Medivac  
  52  9:08  SCV  
  60  9:10  SCV  
  61  9:22  Planetary Fortress  
  61  9:23  SCV  
  62  9:26  Missile Turret  
  62  9:28  Missile Turret  
  62  9:31  Marine  
  63  9:36  SCV  
  64  9:39  SCV  
  65  9:48  Missile Turret, SCV, Marine  
  65  9:52  SCV, Marine  
  69  9:54  Starport Tech Lab x2  
  69  9:57  Starport  
  69  9:58  Starport  
  69  10:00  SCV  
  69  10:04  SCV, Marine x2  
  69  10:05  Marine  
  76  10:07  Marauder  
  76  10:09  Siege Tank  
  76  10:10  Marine  
  76  10:12  SCV  
  81  10:22  Marine x3  
  84  10:42  SCV, Marine x2  
  84  11:01  Cloaking Field  
  84  11:02  Hyperflight Rotors  
  84  11:03  Starport Tech Lab x2  
  84  11:09  Supply Depot  
  84  11:21  Siege Tank, SCV x3  
  84  11:23  Hi-Sec Auto Tracking  
  90  11:33  Supply Depot, SCV x2  
  92  11:45  SCV x2  
  94  11:47  Banshee x4  
  94  11:50  Marine x2  
  108  11:54  Marine x3  
  108  11:57  SCV x2  
  113  12:07  Marine x2  
  114  12:09  SCV  
  114  12:12  Marine x2  
  114  12:13  Marine  
  91  12:25  Marine x2  
  91  12:28  Refinery, SCV  
  91  12:29  SCV, Command Center  
  92  12:30  Refinery x2, Marine x2  
  92  12:31  Marine  
  92  12:32  Refinery  
  92  12:33  Refinery  
  92  12:35  Refinery  
  94  12:40  SCV  
  94  12:42  SCV  
  94  12:43  Marine x2  
  97  12:48  Banshee x2, Marine x2  
  97  12:49  Banshee x2, Marine  
  112  12:52  SCV  
  112  12:54  SCV  
  114  13:01  Marine x2  
  116  13:24  Supply Depot  
  116  13:25  SCV x2, Marine x5  
  116  13:26  Supply Depot  
  123  13:29  SCV  
  123  13:30  Armory  
  123  13:32  Armory  
  124  13:35  Supply Depot  
  124  13:37  SCV x2  
  126  13:41  SCV  
  126  13:42  Supply Depot, Marine x5  
  132  13:49  SCV  
  133  14:01  SCV  
Show
View Real Time Build Order
Export as new Build Order

esReveR Zerg 

Build Orders: Pool First 

Get SALT Encoding   

  12  0:01  Drone  
  13  0:13  Overlord  
  13  0:18  Drone  
  14  0:31  Drone x2  
  16  0:37  Drone  
  17  0:46  Drone  
  18  0:55  Spawning Pool  
  18  0:56  Extractor, Drone  
  17  1:10  Drone  
  18  1:18  Drone  
  19  1:26  Hatchery  
  19  1:30  Drone  
  19  1:42  Queen  
  19  1:44  Overlord  
  21  1:52  Drone  
  22  2:04  Metabolic Boost  
  22  2:14  Overlord  
  22  2:17  Zergling x2  
  22  2:18  Queen  
  25  2:26  Baneling Nest  
  25  2:28  Zergling x2  
  25  2:34  Extractor  
  24  2:39  Drone  
  25  2:47  Zergling x4  
  26  2:53  Zergling x8  
  30  3:03  Queen  
  32  3:12  Zergling x8  
  36  3:24  Zergling x2  
  36  3:25  Zergling x6  
  38  3:33  Drone  
  38  3:34  Drone x2  
  41  3:39  Overlord  
  41  3:45  Drone  
  41  3:46  Drone  
  31  4:17  Zergling x14  
  28  4:23  Spine Crawler  
  26  4:50  Drone x6  
  29  5:03  Zergling x4  
  30  5:09  Queen  
  32  5:15  Zergling x8  
  36  5:21  Spore Crawler x2  
  31  5:32  Zergling x4  
  30  5:41  Spore Crawler  
  30  5:43  Drone  
  30  5:44  Drone x2  
  33  5:54  Lair  
  33  6:04  Drone x3  
  33  6:16  Zergling x2  
  33  6:17  Zergling x6  
  34  6:26  Zergling x6  
  34  6:27  Zergling x2  
  38  6:37  Baneling x6  
  38  6:38  Baneling x2, Zergling x4  
  40  6:42  Zergling x4  
  42  6:50  Zergling x4  
  38  7:05  Zergling x4  
  38  7:08  Baneling x5  
  35  7:09  Baneling  
  35  7:17  Zergling x10  
  35  7:20  Zergling x2  
  41  7:28  Zergling x4  
  31  7:45  Zergling x8  
  32  7:54  Baneling x2  
  27  8:01  Zergling x4  
  27  8:02  Zergling x2  
  27  8:19  Extractor  
  26  8:22  Extractor, Queen  
  18  8:44  Zergling x8  
  19  9:09  Drone  
  20  9:10  Drone x2  
  22  9:22  Hatchery  
  21  9:33  Drone x2  
  21  9:34  Drone x3  
  25  9:45  Drone  
  26  9:53  Centrifical Hooks  
  26  10:06  Drone x4  
  30  10:23  Zergling x4  
  33  10:38  Zergling x2  
  33  10:40  Baneling x5  
  33  10:41  Baneling x2  
  34  10:50  Hatchery  
  33  10:57  Spawning Pool  
  33  10:58  Drone  
  33  11:02  Drone  
  34  11:10  Drone  
  34  11:11  Drone x3  
  38  11:20  Overlord  
  38  11:44  Zergling x10  
  43  11:54  Baneling x6  
  39  12:03  Zergling x4  
  35  12:27  Zergling x12  
  40  12:37  Drone  
  40  12:38  Drone  
  40  12:42  Hatchery  
  42  12:44  Drone x3  
  42  12:46  Drone  
  44  12:54  Queen  
  46  12:58  Queen  
  48  13:06  Spore Crawler  
  43  13:29  Zergling x16  
  43  13:33  Baneling x5  
  43  13:34  Baneling  
  49  13:36  Baneling  
  49  13:38  Baneling  
  49  13:53  Hatchery  
Show
View Real Time Build Order
Export as new Build Order

Tesla Zerg 

Build Orders: Hatch First 

Get SALT Encoding   

  12  0:03  Drone  
  13  0:14  Overlord  
  13  0:18  Drone  
  14  0:32  Extractor  
  14  0:33  Drone x2  
  16  0:36  Drone  
  17  0:51  Drone  
  18  1:06  Drone  
  19  1:11  Hatchery  
  18  1:20  Spawning Pool  
  18  1:22  Drone x2  
  19  1:34  Drone  
  20  1:50  Drone  
  21  1:57  Drone  
  22  2:03  Hatchery  
  22  2:05  Overlord  
  22  2:08  Extractor x2  
  20  2:09  Queen  
  23  2:24  Zergling x6  
  26  2:30  Queen  
  26  2:34  Drone  
  29  2:39  Drone  
  30  2:46  Drone x2  
  30  2:49  Queen  
  36  2:58  Drone x2  
  36  3:07  Overlord x2  
  36  3:15  Queen  
  36  3:16  Extractor x2  
  36  3:22  Roach Warren  
  35  3:27  Drone x3  
  38  3:35  Drone x3  
  41  3:49  Drone x6  
  47  4:10  Roach x2  
  47  4:11  Roach  
  47  4:12  Zergling x10  
  58  4:20  Extractor  
  51  4:43  Metabolic Boost  
  50  4:47  Spore Crawler  
  50  4:48  Spore Crawler  
  50  4:50  Spore Crawler  
  51  5:00  Drone x16  
  48  5:23  Drone x3  
  51  5:42  Drone x6  
  56  5:49  Lair  
  56  5:58  Queen  
  58  6:17  Overlord x2  
  58  6:18  Overlord  
  58  6:38  Roach x7  
  58  7:17  Queen x2  
  62  7:42  Drone x9  
  71  7:49  Hydralisk Den  
  70  7:52  Queen  
  70  7:53  Queen  
  58  8:29  Extractor  
  58  8:31  Hydralisk x2  
  58  8:32  Hydralisk x6  
  58  8:33  Hydralisk  
  75  8:35  Pneumatized Carapace  
  75  8:39  Muscular Augments  
  71  8:45  Roach x2  
  71  8:46  Overlord x2  
  71  9:21  Roach x9  
  71  9:23  Overseer x2  
  89  9:42  Hydralisk  
  89  9:44  Overlord x2  
  89  9:45  Overlord x4  
  91  9:50  Grooved Spines  
  91  10:02  Drone  
  91  10:03  Drone x3, Evolution Chamber  
  91  10:04  Evolution Chamber  
  91  10:05  Hatchery, Drone  
  93  10:08  Drone  
  94  10:36  Roach x6  
  106  11:02  Hydralisk x6  
  118  11:07  Zerg Missile Weapons Level 1, Zerg Ground Armor Level 1  
  118  11:10  Drone x3  
  103  11:38  Hydralisk x3  
  103  11:39  Hydralisk x6  
  103  11:40  Hydralisk x3  
  103  11:47  Hydralisk x3  
  86  12:02  Roach x5  
  66  12:32  Drone x6  
  68  13:00  Hatchery  
  68  13:02  Roach x4  
  75  13:10  Hatchery  
  74  13:17  Hydralisk  
  74  13:18  Hydralisk x6  
  88  13:30  Hydralisk x2  
  88  13:31  Hydralisk  
Tags
 
Add a new tag
Caveats
  • Supply blocks, unpowered buildings, or Contaminate may cause inaccurate times.
  • Supply counts are checked every 10 seconds.